 Dungeon Crawl Stone Soup version 0.31.0-11-ge490571c62 (webtiles) character file.

Game seed: 5890528280753911742

543129 Strat the Corrupter of Planes (level 24, -19/203 HPs)
             Began as a Mummy Alchemist on Jan 27, 2024.
             Was the Champion of Lugonu.
             Demolished by a quicksilver dragon (23 damage)
             ... on level 3 of the Realm of Zot.
             The game lasted 05:26:58 (97689 turns).

Strat the Corrupter of Planes (Mummy Alchemist)    Turns: 97689, Time: 05:26:59

Health: -19/203    AC: 24    Str: 20    XL:     24   Next: 80%
Magic:  12/55      EV: 23    Int: 22    God:    Lugonu [******]
Gold:   4436       SH:  8    Dex: 16    Spells: 13/62 levels left

rFire   + + .        b - +9 demon whip (distort)
rCold   + . .        F - +3 warlock's mirror {omnireflect}
rNeg    + + +        l - +1 fire dragon scales
rPois   ∞            i - +2 hat of Xutuotif {rElec rC- Will++ Str+4}
rElec   +            t - +2 cloak
rCorr   +            k - +2 pair of gloves {Dex+3}
SInv    .            m - +2 pair of boots
Will    +++++        y - amulet of Hibreed {rC+ Regen+ MP+9 Str+2} Stlth
                     R - ring of the Hare {EV+10}
HPRegen 1.33/turn    n - ring "Hairghiav" {rPois rF+ rC+ rCorr}
MPRegen 0.34/turn

%: reflection, faith
@: about to teleport, contaminated, glowing, studying Alchemy
A: cold resistance 1, negative energy resistance 3, torment resistance 2, heat
vulnerability 1, in touch with death 2, no potions, faith
}: 3/15 runes: serpentine, barnacled, silver
a: Renounce Religion, Depart the Abyss, Banish, Corrupt, Enter the Abyss


You were on level 3 of the Realm of Zot.
You worshipped Lugonu.
Lugonu was exalted by your worship.
You visited 11 branches of the dungeon, and saw 50 of its levels.
You visited the Abyss 1 time.
You also visited: Gauntlet and Desolation.

You collected 8216 gold pieces.
You spent 3780 gold pieces at shops.

Inventory:

Hand Weapons
 a - the +5 demon whip of the Forging Hero {flame, Dex+3}
   (You found it on level 10 of the Dungeon)

   Dex+3:     It affects your dexterity (+3).
 b - a +9 demon whip of distortion (weapon)
Missiles
 g - 6 throwing nets
 M - 14 javelins
Armour
 i - the +2 hat of Xutuotif (worn) {rElec rC- Will++ Str+4}
   (You found it on level 2 of the Dungeon)

   Str+4:     It affects your strength (+4).
   rC-:       It makes you vulnerable to cold.
   rElec:     It insulates you from electricity.
   Will++:    It greatly increases your willpower.
 k - a +2 pair of gloves of dexterity (worn)
 l - +1 fire dragon scales (worn)
 m - a +2 pair of boots (worn)
 t - a +2 cloak (worn)
 F - the +3 warlock's mirror (worn) {omnireflect}
   (You found it in the Desolation of Salt)

   Omnireflect: It can block and reflect piercing ranged attacks and magical
   attacks against the wielder's willpower.
 K - the +2 shield of Resistance {rF++ rC++ Will++}
   (You acquired it on level 3 of the Elven Halls)

   rF++:      It greatly protects you from fire.
   rC++:      It greatly protects you from cold.
   Will++:    It greatly increases your willpower.
Jewellery
 c - a ring of see invisible
 e - an amulet of magic regeneration
 j - an amulet of the acrobat
 n - the ring "Hairghiav" (right hand) {rPois rF+ rC+ rCorr}
   (You took it off a merfolk javelineer on level 3 of the Depths)

   [ring of protection from fire]

   rF+:       It protects you from fire.
   rC+:       It protects you from cold.
   rPois:     It protects you from poison rCorr: It protects you from acid and
   corrosion.
 o - a +4 ring of protection
 u - a ring of fire
 v - a +5 ring of evasion
 y - the amulet of Hibreed (around neck) {rC+ Regen+ MP+9 Str+2}
   (You found it on level 5 of the Lair of Beasts)

   [amulet of regeneration]

   Str+2:     It affects your strength (+2).
   rC+:       It protects you from cold.
   MP+9:      It affects your magic capacity (+9).
   Regen+:    It increases your rate of health regeneration.
 C - a ring of flight
 G - a ring of willpower
 L - a +4 ring of slaying
 Q - a ring of resist corrosion
 R - the ring of the Hare (left hand) {EV+10}
   (You found it on level 3 of the Depths)

   [ring of evasion]

   EV+10:     It affects your evasion (+10).
Wands
 d - a wand of digging (13)
 q - a wand of charming (54)
 s - a wand of acid (12)
 x - a wand of flame (127)
 A - a wand of polymorph (27)
 I - a wand of mindburst (21)
 J - a wand of iceblast (43)
Scrolls
 f - 8 scrolls of immolation
 h - 10 scrolls of vulnerability
 p - 14 scrolls of poison
 r - 5 scrolls of fog
 w - 6 scrolls of revelation
 z - 4 scrolls of amnesia
 B - 2 scrolls of silence
 E - a scroll of enchant weapon
 H - a scroll of teleportation
 O - a scroll of fear
Miscellaneous
 D - a condenser vane
 N - a phial of floods
 P - a lightning rod (4/4)


   Skills:
 + Level 19.9 Fighting
 - Level 12.0 Maces & Flails
 - Level 10.0 Armour
 + Level 8.5 Dodging
 - Level 1.5 Stealth
 - Level 4.0 Shields
 - Level 19.7 Spellcasting
 - Level 5.4 Conjurations
 - Level 5.0 Hexes
 - Level 13.0 Necromancy
 - Level 7.0 Translocations
 - Level 2.0 Fire Magic
 - Level 2.0 Air Magic
 - Level 6.0 Earth Magic
 + Level 15.0 Alchemy
 + Level 20.7 Invocations


You had 13 spell levels left.
You knew the following spells:

 Your Spells              Type           Power      Damage    Failure   Level
a - Borgnjor's Vile Clut  Necr/Erth      48%        N/A       4%          5
b - Mercury Vapours       Alch/Air       100%       N/A       1%          2
c - Mephitic Cloud        Conj/Alch/Air  53%        N/A       1%          3
d - Olgreb's Toxic Radia  Alch           73%        N/A       1%          4
e - Sticky Flame          Fire/Alch      56%        2d10      2%          4
f - Stone Arrow           Conj/Erth      92%        3d12      2%          3
g - Fulminant Prism       Conj/Alch      30%        3d15      1%          4
h - Yara's Violent Unrav  Hex/Alch       30%        3d13      3%          5
i - Jinxbite              Hex            86%        N/A       1%          2
j - Sting                 Conj/Alch      100%       1d9       1%          1
k - Irradiate             Conj/Alch      30%        3d21      3%          5
l - Apportation           Tloc           100%       N/A       1%          1
m - Death Channel         Necr           54%        N/A       6%          6
n - Passage of Golubria   Tloc           51%        N/A       4%          4

Your spell library contained the following spells:

 Spells                   Type           Power      Damage    Failure   Level
 Foxfire                  Conj/Fire      100%       2x1d9     1%          1
 Kiss of Death            Conj/Necr      100%       2d13      1%          1
 Necrotise                Necr           100%       1d9       1%          1
 Sandblast                Erth           96%        2d20      1%          1
 Shock                    Conj/Air       100%       1d9       1%          1
 Slow                     Hex            100%       N/A       1%          1
 Fugue of the Fallen      Necr           100%       N/A       1%          3
 Passwall                 Erth           48%        N/A       1%          3
 Vampiric Draining        Necr           100%       2d13      1%          3
 Anguish                  Hex/Necr       47%        N/A       1%          4
 Animate Dead             Necr           100%       N/A       1%          4
 Petrify                  Alch/Erth      61%        N/A       1%          4
 Alistair's Intoxication  Alch           48%        N/A       1%          5
 Curse of Agony           Necr           100%       N/A       1%          5
 Static Discharge         Conj/Air       74%        3-7/arc   2%          2
 Dazzling Flash           Conj/Hex       88%        N/A       2%          3
 Confusing Touch          Hex            43%        N/A       3%          3
 Sigil of Binding         Hex            43%        N/A       3%          3
 Volatile Blastmotes      Fire/Tloc      82%        2d16      3%          3
 Ensorcelled Hibernation  Hex/Ice        64%        N/A       4%          2
 Manifold Assault         Tloc           51%        N/A       4%          4
 Inner Flame              Hex/Fire       37%        N/A       5%          3
 Martyr's Knell           Necr/Summ      85%        N/A       5%          4
 Iskenderun's Mystic Bla  Conj/Tloc      48%        2d11      6%          4
 Dimensional Bullseye     Hex/Tloc       24%        N/A       7%          4
 Freeze                   Ice            84%        1d9       8%          1
 Summon Small Mammal      Summ           84%        N/A       8%          1
 Hailstorm                Conj/Ice       33%        3d8       8%          3
 Brom's Barrelling Bould  Conj/Erth      46%        2d6       8%          4
 Cause Fear               Hex            21%        N/A       10%         4
 Swiftness                Air            30%        N/A       11%         3
 Call Imp                 Summ           42%        N/A       12%         2
 Vhi's Electric Charge    Tloc/Air       82%        N/A       12%         4
 Flame Wave               Conj/Fire      37%        2d10      17%         4
 Call Canine Familiar     Summ           21%        N/A       24%         3
 Frozen Ramparts          Ice            42%        1d7       24%         3
 Ozocubu's Armour         Ice            21%        N/A       24%         3
 Summon Ice Beast         Ice/Summ       21%        N/A       24%         3
 Iskenderun's Battlesphe  Conj           45%        2d10      24%         5
 Airstrike                Air            15%        2d(3-19)  34%         4
 Arcjolt                  Conj/Air       18%        1d28      43%         5
 Fireball                 Conj/Fire      18%        3d9       43%         5
 Summon Blazeheart Golem  Fire/Summ      26%        N/A       45%         4
 Summon Lightning Spire   Summ/Air       26%        N/A       45%         4
 Silence                  Hex/Air        18%        N/A       45%         5
 Sculpt Simulacrum        Ice/Alch       26%        N/A       50%         6
 Conjure Ball Lightning   Conj/Air       18%        3x3d6     95%         6
 Starburst                Conj/Fire      18%        6d7       95%         6
 Plasma Beam              Fire/Air       15%        2x1d26    99%         6
 Enfeeble                 Hex            21%        N/A       100%        7
 Malign Gateway           Summ/Tloc      18%        N/A       100%        7
 Orb of Destruction       Conj           22%        9d8       100%        7
 Ozocubu's Refrigeration  Ice            10%        4d9       100%        7
 Spellforged Servitor     Conj/Summ      16%        N/A       100%        7
 Summon Hydra             Summ           10%        N/A       100%        7
 Discord                  Hex            21%        N/A       100%        8
 Lehudib's Crystal Spear  Conj/Erth      23%        10d6      100%        8
 Summon Horrible Things   Summ           10%        N/A       100%        8
 Polar Vortex             Ice            10%        12d1*     100%        9
 Sublimation of Blood     Necr           Unusable   N/A       N/A         2
 Borgnjor's Revivificati  Necr           Unusable   N/A       N/A         8

Dungeon Overview and Level Annotations

Branches:
Dungeon (15/15)            Temple (1/1) D:4            Lair (5/5) D:10
 Shoals (4/4) Lair:2        Snake (4/4) Lair:2        Slime (0/5) Lair:5
    Orc (2/2) D:12            Elf (3/3) Orc:2        Vaults (5/5) D:13
  Crypt (3/3) Vaults:2     Depths (4/4) D:15            Zot (4/5) Depths:4
Desolation (visited)      Gauntlet (visited)
   Tomb: Crypt:3

Altars:
Ashenzari
Cheibriados
Dithmenos
Fedhas
Gozag
Kikubaaqudgha
Makhleb
Nemelex Xobeh
Okawaru
Qazlal
Ru
Sif Muna
Trog
Uskayaw
Vehumet
Wu Jian
Xom
Yredelemnul
Lugonu

Shops:
D:4 =   D:14 [   Orc:2 *?(*(!   Elf:3 ::   Shoals:1 ?   Shoals:2 :
Snake:1 [:[[(   Snake:3 [[*   Vaults:3 *   Vaults:4 *(   Vaults:5 ![:
Depths:2 :   Depths:3 *

Portals:
Hell: Depths:1 Depths:2 Depths:3 Depths:4
Abyss: Depths:3
Pandemonium: Depths:2
Ziggurat: Depths:4
Trove: Vaults:3 (give 15 scrolls of teleportation)

Annotations:
D:2 Sigmund
D:5 Blork the orc
D:9 4 transporters
Lair:4 exclusion: 4 oklob plants
Lair:5 1 runed translucent door
Elf:2 3 runed translucent doors
Elf:3 Bai Suzhen
Vaults:3 Mennas
Vaults:5 corrupted
Crypt:3 Khufu
Depths:2 2 transporters, exclusion: obsidian statue
Depths:3 1 runed translucent door, Ubraesch's ghost, adept TrMo
Abyss:1 Louise


Innate Abilities, Weirdness & Mutations

You are immune to poison.
Your flesh is cold resistant. (rC+)
You are immune to negative energy. (rN+++)
You are immune to unholy pain and torment.
You are vulnerable to heat. (rF-)
You are strongly in touch with the powers of death.
You do not drink.
You have a special connection with the divine. (Faith)


Message History

The quicksilver dragon bites you but does no damage.
The quicksilver dragon misses you. The moth of wrath misses you.
The moth of wrath goads the quicksilver dragon on!
The quicksilver dragon goes berserk!
The quicksilver dragon bites you but does no damage.
The quicksilver dragon completely misses you.
The quicksilver dragon misses you. x2
The quicksilver dragon bites you.
* * * LOW HITPOINT WARNING * * *
The quicksilver dragon completely misses you.
You block the quicksilver dragon's attack. x2
As you read the scroll of teleportation, it crumbles to dust.
You feel strangely unstable.
You feel the Orb delaying your translocation!
The quicksilver dragon bites you.
* * * LOW HITPOINT WARNING * * *
The quicksilver dragon misses you. The quicksilver dragon bites you!!
* * * LOW HITPOINT WARNING * * *
The quicksilver dragon barely misses you.
The quicksilver dragon attacks as it pursues you!
The quicksilver dragon bites you!!
* * * LOW HITPOINT WARNING * * *
The quicksilver dragon completely misses you.
The quicksilver dragon barely misses you.
The quicksilver dragon claws you!!
* * * LOW HITPOINT WARNING * * *
The quicksilver dragon rages.
The quicksilver dragon bites you but does no damage.
The quicksilver dragon claws you but does no damage.
You block the quicksilver dragon's attack.
The quicksilver dragon claws you!
* * * LOW HITPOINT WARNING * * *
The quicksilver dragon barely misses you.
The quicksilver dragon claws you.
* * * LOW HITPOINT WARNING * * *
The orb of fire glows bright magenta.
The bolt of fire hits you!! You resist.
* * * LOW HITPOINT WARNING * * *
The quicksilver dragon bites you!!
You die...

.#####.##....,......####..##
***
...#........,,##.......#..#
.#....#.#..,,,,...#..#....#
###...#..#########..##....#
.#.#.................y....#
....#...#.....#...#.*##...#
........)##...#..##.###...#
..>.[##.......#.....# #...#
.....#.#.....###@D.##*#...#
#...#...#.....#...## *..$.#
.#.#...#......#..## **,...#
..#...####..#...## **,,,,,****
...#..####..#.[.#***,,,,,,**,*
......###..###...#*,,,,,,,*,**
..#...##..#**#......,,,,,,,**
.######...***.........,,,,**
.,***...##**......#...,,,**


You could see an orb of fire, a quicksilver dragon (berserk) and a moth of
wrath.

Vanquished Creatures
  A dread lich (Vaults:4)
  2 orbs of fire (Zot:1)
  An ancient lich (Vaults:5)
  Xtahua (Vaults:4)
  A juggernaut (Depths:3)
  Saint Roka (Vaults:3)
  Vashnia (Snake:3)
  4 golden dragons
  Norris (Vaults:3)
  7 tentacled monstrosities
  2 deep elf blademasters (Elf:3)
  A lich (Depths:2)
  A walking frostbound tome (Depths:3)
  4 quicksilver dragons
  A walking divine tome (Depths:3)
  5 titans
  4 deep elf master archers (Elf:3)
  6 ancient champions
  8 sphinxes
  3 tengu reavers
  2 death cobs
  5 shadow dragons
  4 storm dragons
  3 revenants
  6 fire giants
  Ilsuiw (Shoals:3)
  5 nagarajas
  Donald (Orc:1)
  6 frost giants
  4 draconian monks
  2 protean progenitors (Zot:1)
  3 draconian shifters
  Aizul (Abyss:3)
  Roxanne (Elf:3)
  An imperial myrmidon (Desolation)
  3 draconian knights
  3 draconian scorchers
  5 deep elf elementalists (Elf:3)
  An orc warlord (Vaults:3)
  An iron dragon (Depths:3)
  2 draconian stormcallers (Depths:4)
  18 vault wardens
  A deep elf sorcerer (Elf:3)
  A spriggan defender (Depths:2)
  A balrug (Depths:2)
  A reaper (Depths:2)
  13 ironbound preservers
  2 angels (Vaults:4)
  2 juggernaut skeletons
  18 stone giants
  5 formless jellyfish
  6 ghouls
  3 draconian annihilators
  17 very ugly things
  5 ironbound thunderhulks
  5 green draconians
  6 deep elf demonologists
  5 white draconians
  5 vampire knights
  5 spark wasps
  5 black draconians
  5 deep elf annihilators
  4 yellow draconians
  4 war gargoyles
  6 purple draconians
  2 bunyips
  A minotaur (Gauntlet)
  3 dire elephants (Vaults:4)
  3 deep elf death magi
  6 red draconians
  15 ettins
  3 eidola (Crypt:2)
  4 merfolk javelineers
  A crystal guardian (Vaults:2)
  A jiangshi (Crypt:1)
  10 merfolk impalers
  10 deep elf high priests
  An acid blob zombie (Crypt:1)
  2 entropy weavers
  A servant of whispers (Desolation)
  2 great orbs of eyes
  7 fire dragons
  Fannar (Lair:3)
  A quicksilver dragon skeleton (Depths:2)
  14 yaktaur captains
  8 ice dragons
  2 ragged hierophants (Desolation)
  4 ogre magi
  2 rakshasas (Depths:1)
  3 spriggan air magi
  2 alligator snapping turtles
  21 vault guards
  10 hydras
  2 peacekeepers
  7 ironbound frosthearts
  3 salamander tyrants
  14 anacondas
  2 merfolk aquamancers (Shoals:4)
  17 centaur warriors
  2 death knights
  3 merfolk avatars
  7 satyrs
  15 dancing weapons
  18 naga warriors
  12 two-headed ogres
  5 boulder beetles
  A death scarab (Gauntlet)
  4 deep troll shamans
  3 occultists (Depths:3)
  5 deep troll earth magi
  3 orc high priests
  11 shock serpents
  4 death yaks
  8 hell knights
  13 naga sharpshooters
  5 vampire magi
  5 tengu warriors
  15 deep elf knights
  4 spriggan berserkers
  7 skysharks
  2 soul eaters
  3 iron trolls
  A goliath frog (Zot:1)
  11 skeletal warriors
  Amaemon (Lair:3)
  A skyshark (shapeshifter) (Vaults:1)
  4 salamander mystics
  An elf simulacrum (Crypt:2)
  A goliath frog (shapeshifter) (Vaults:5)
  A sea snake (shapeshifter) (D:15)
  15 sea snakes
  38 deep trolls
  2 bog bodies (Crypt:2)
  8 naga ritualists
  A spriggan simulacrum (Crypt:2)
  5 flayed ghosts
  A glowing orange brain (Depths:3)
  19 ironbound convokers
  7 lindwurms
  18 mana vipers
  7 necromancers
  12 arcanists
  A bunyip skeleton (Crypt:2)
  12 deep elf archers
  18 deep elf pyromancers
  10 orc knights
  A harpy (shapeshifter) (Elf:1)
  31 deep elf zephyrmancers
  30 harpies
  19 phantasmal warriors
  An eleionoma zombie (Crypt:2)
  2 orc sorcerers
  9 cyclopes
  A fire giant zombie (Depths:2)
  Maurice (D:8)
  14 salamanders
  26 ugly things
  20 fauns
  An alligator zombie (Crypt:1)
  11 manticores
  An apocalypse crab (Abyss:2)
  An alligator skeleton (Crypt:2)
  43 black mambas
  22 elephants
  7 moths of wrath
  2 kobold blastminers (Orc:1)
  13 merfolk sirens
  13 guardian serpents
  A water nymph (shapeshifter) (Depths:1)
  An eye of devastation (shapeshifter) (Depths:3)
  8 water nymphs
  A rust devil (Depths:2)
  21 vault sentinels
  25 naga magi
  2 torpor snails (Lair:5)
  A frost giant skeleton (Crypt:2)
  An orange demon (Lair:3)
  A dire elephant skeleton (Crypt:2)
  An unseen horror zombie (Crypt:1)
  A minotaur zombie (Gauntlet)
  13 cane toads
  5 rime drakes
  2 gargoyles
  3 freezing wraiths
  14 yaktaurs
  2 spriggan zombies
  13 komodo dragons
  A catoblepas skeleton (Crypt:2)
  2 tengu conjurers
  18 merfolk
  A yaktaur skeleton (Vaults:5)
  16 trolls
  4 polar bears
  4 hornets
  A tengu simulacrum (Depths:2)
  5 saltlings (Desolation)
  4 wind drakes
  Grinder (D:6)
  A moth of wrath zombie (Crypt:1)
  12 blink frogs
  An ice dragon zombie (Crypt:2)
  16 dream sheep
  6 snapping turtles
  3 glass eyes
  A hydra skeleton (Crypt:2)
  48 slime creatures
  4 air elementals
  A culicivora (Vaults:3)
  An ettin skeleton (Crypt:1)
  2 spriggans (Depths:2)
  An ice dragon skeleton (Crypt:2)
  2 shadows (D:12)
  5 wraiths
  47 yaks
  A vampire (D:13)
  2 basilisks
  17 water elementals
  4 wyverns
  5 fire bats
  A black mamba skeleton (Crypt:1)
  6 fire elementals
  4 wargs
  5 redbacks
  51 nagas
  3 acid dragons
  7 vampire mosquitoes
  A human simulacrum (Vaults:5)
  12 water moccasins
  A fire bat skeleton (Crypt:1)
  19 orc warriors
  A small abomination (Abyss:2)
  An ice beast (D:8)
  A sky beast (D:7)
  6 laughing skulls
  25 ogres
  10 boggarts
  6 centaurs
  30 wolves
  2 phantoms
  A rime drake zombie (Crypt:2)
  A rime drake skeleton (Crypt:1)
  A komodo dragon zombie (Crypt:3)
  2 kobold brigands
  5 bullfrogs
  2 earth elementals (Elf:3)
  2 necrophages (Crypt:2)
  10 scorpions
  A glowing shapeshifter simulacrum (Depths:2)
  A cyclops skeleton (Crypt:1)
  17 killer bees
  6 howler monkeys
  2 electric eels
  4 crimson imps (D:8)
  2 bombardier beetles
  A hound (D:6)
  28 orc priests
  3 gnoll boudas
  A jelly (Gauntlet)
  5 starcursed masses (Abyss:2)
  4 hell rats (Lair:4)
  18 orc wizards
  3 iguanas
  A sleepcap (D:6)
  A naga skeleton (Crypt:2)
  A hound skeleton (Crypt:3)
  A howler monkey zombie (Crypt:3)
  Robin (D:3)
  12 gnolls
  9 adders
  A shadow imp (D:6)
  2 white imps
  4 ufetubi
  An iguana zombie (Crypt:3)
  3 dart slugs
  3 ribbon worms
  80 orcs
  6 ball pythons
  8 endoplasms
  2 giant cockroaches
  8 goblins
  9 hobgoblins
  4 quokkas
  8 bats
  5 frilled lizards
  A jackal zombie (Crypt:2)
  15 kobolds
  6 rats
  2 butterflies (Lair:1)
1921 creatures vanquished.

Vanquished Creatures (collateral kills)
  An ironbound preserver (Vaults:3)
  A hydra (D:14)
2 creatures vanquished.

Vanquished Creatures (others)
  2 fire giants
  A vault guard (Vaults:5)
  A deep elf pyromancer (Elf:3)
  A black mamba (Lair:4)
  A guardian serpent (Snake:4)
  A naga (Snake:4)
  3 orcs (Vaults:5)
  55 fulminant prisms
  2 starspawn tentacles (Vaults:5)
67 creatures vanquished.

Grand Total: 1990 creatures vanquished

Notes
Turn   | Place    | Note
-------+----------+-------------------------------------------
     0 | D:1      | Strat the Mummy Alchemist began the quest for the Orb.
     0 | D:1      | Reached XP level 1. HP: 13/13 MP: 4/4
   376 | D:1      | Reached XP level 2. HP: 19/19 MP: 3/6
   974 | D:2      | Noticed Sigmund
   985 | D:2      | Learned a level 2 spell: Mercury Vapours
  1065 | D:2      | Reached XP level 3. HP: 21/24 MP: 1/7
  1129 | D:2      | Learned a level 3 spell: Mephitic Cloud
  1573 | D:2      | Identified the +2 hat of Xutuotif {rElec rC- Will++ Str+4}
  1744 | D:2      | Reached XP level 4. HP: 25/30 MP: 9/9
  1767 | D:2      | Learned a level 4 spell: Olgreb's Toxic Radiance
  2184 | D:3      | Found a sacrificial altar of Ru.
  2400 | D:3      | Noticed an ice beast
  2484 | D:3      | Found a snail-covered altar of Cheibriados.
  2610 | D:3      | Reached XP level 5. HP: 18/35 MP: 4/11
  3034 | D:3      | Noticed Robin
  3240 | D:3      | Killed Robin
  3486 | D:4      | Noticed a phantom
  3744 | D:4      | Reached skill level 5 in Spellcasting
  3744 | D:4      | Reached XP level 6. HP: 40/41 MP: 9/13
  4015 | D:4      | Found Dyl Wion's Jewellery Boutique.
  4264 | D:5      | Entered Level 5 of the Dungeon
  4270 | D:5      | Noticed Blork the orc
  4347 | D:4      | Reached skill level 5 in Alchemy
  4409 | D:4      | Found a staircase to the Ecumenical Temple.
  4415 | Temple   | Entered the Ecumenical Temple
  4445 | Temple   | Became a worshipper of Lugonu the Unformed
  4817 | D:5      | Learned a level 4 spell: Sticky Flame
  4932 | D:5      | Reached XP level 7. HP: 33/46 MP: 12/15
  5513 | D:5      | Reached skill level 1 in Conjurations
  6081 | D:6      | Found an iron altar of Okawaru.
  6205 | D:6      | Reached XP level 8. HP: 47/52 MP: 14/16
  6276 | D:6      | Reached * piety under Lugonu
  6277 | D:6      | Reached skill level 1 in Air Magic
  6514 | D:6      | Noticed Grinder
  6677 | D:6      | Found a radiant altar of Vehumet.
  6736 | D:6      | Killed Grinder
  7606 | D:7      | Found an ancient bone altar of Kikubaaqudgha.
  7757 | D:7      | Found a basalt altar of Yredelemnul.
  8134 | D:8      | Reached skill level 1 in Fire Magic
  8134 | D:8      | Reached XP level 9. HP: 57/57 MP: 11/19
  8146 | D:8      | Reached ** piety under Lugonu
  8292 | D:8      | Noticed Maurice
  8325 | D:8      | Killed Maurice
  8564 | D:8      | Noticed a +0 dagger
  8564 | D:8      | Noticed a +0 dagger
  8569 | D:8      | Found a hide-covered altar of Uskayaw.
  8702 | D:8      | Found a shimmering altar of Xom.
  9164 | D:9      | Reached skill level 5 in Fighting
  9164 | D:9      | Reached XP level 10. HP: 58/74 MP: 9/23
  9328 | D:9      | Found an ornate altar of the Wu Jian Council.
  9391 | D:9      | Found a transporter.
  9397 | D:9      | Found a transporter.
  9398 | D:9      | Found a transporter.
  9529 | D:9      | Found a transporter.
  9529 | D:9      | Noticed a two-headed ogre
  9845 | D:9      | Killed a two-headed ogre
  9846 | D:9      | Reached skill level 10 in Spellcasting
 10005 | D:10     | Entered Level 10 of the Dungeon
 10356 | D:10     | Reached *** piety under Lugonu
 11157 | D:10     | Found a stormy altar of Qazlal.
 11197 | D:10     | Found a staircase to the Lair.
 11264 | D:10     | Noticed a fire dragon
 11414 | D:11     | Learned a level 4 spell: Iskenderun's Mystic Blast
 11556 | D:11     | Reached skill level 1 in Translocations
 11665 | D:11     | Noticed a two-headed ogre
 11695 | D:11     | Killed a two-headed ogre
 11791 | D:11     | Noticed a two-headed ogre
 11819 | D:11     | Killed a two-headed ogre
 11820 | D:11     | Reached XP level 11. HP: 89/89 MP: 10/25
 11909 | D:11     | Noticed a skeletal warrior
 12287 | D:11     | Noticed a skeletal warrior
 12287 | D:11     | Noticed a skeletal warrior
 12489 | D:10     | Got the +5 demon whip of the Forging Hero {flame, Dex+3}
 12494 | D:10     | Got the ring of the Peasants {Fire Will+ Int+5 Dex+2}
 12986 | Lair:1   | Entered Level 1 of the Lair of Beasts
 13009 | Lair:1   | Reached skill level 10 in Fighting
 13257 | Lair:1   | Learned a level 4 spell: Fulminant Prism
 13595 | Lair:1   | Got the Omnibus of Elliptic Virulence
 14330 | Lair:1   | Reached skill level 5 in Conjurations
 14932 | Lair:2   | Noticed a seven-headed hydra
 15053 | Lair:2   | Learned a level 5 spell: Yara's Violent Unravelling
 15056 | Lair:2   | Learned a level 2 spell: Jinxbite
 15100 | Lair:2   | Found a staircase to the Shoals.
 15135 | Lair:2   | Reached **** piety under Lugonu
 15136 | Lair:2   | Reached XP level 12. HP: 98/99 MP: 9/27
 15165 | Lair:2   | Reached skill level 1 in Hexes
 15876 | Lair:2   | Killed a seven-headed hydra
 16182 | Lair:2   | Found a staircase to the Snake Pit.
 16338 | Lair:2   | Reached skill level 10 in Alchemy
 16413 | Lair:2   | Found a shadowy altar of Dithmenos.
 16793 | Lair:3   | Identified the ring of Xasoan {rC+ Str+6}
 17065 | Lair:3   | Noticed Amaemon
 17207 | Lair:3   | Killed Amaemon
 17329 | Lair:3   | Identified the +2 robe of Eternal Night {Stlth+ Archmagi}
 17622 | Lair:3   | Noticed a five-headed hydra
 17826 | Lair:3   | Killed a five-headed hydra
 17936 | Lair:3   | Noticed Fannar
 18187 | Lair:3   | Killed Fannar
 18232 | Lair:3   | Gained mutation: You are strongly in touch with the powers
                  | of death. [Mummy growth]
 18232 | Lair:3   | Reached XP level 13. HP: 95/106 MP: 5/30
 19177 | Lair:4   | Reached ***** piety under Lugonu
 19398 | Lair:4   | Identified the +1 leather armour "Veriar" {Will+++ Str-3
                  | Dex-2 Stlth+}
 19821 | Lair:4   | Reached skill level 1 in Invocations
 20025 | Lair:4   | Reached skill level 2 in Invocations
 20225 | Lair:4   | Reached skill level 3 in Invocations
 20533 | Lair:5   | Entered Level 5 of the Lair of Beasts
 20543 | Lair:5   | Reached skill level 4 in Invocations
 20744 | Lair:5   | Reached skill level 5 in Invocations
 20914 | Lair:5   | Reached skill level 6 in Invocations
 21254 | Lair:5   | Reached skill level 7 in Invocations
 22014 | Lair:5   | Reached skill level 8 in Invocations
 22275 | Lair:4   | Reached XP level 14. HP: 112/115 MP: 8/32
 22616 | Lair:5   | Reached skill level 9 in Invocations
 23015 | Lair:5   | Reached ****** piety under Lugonu
 23258 | Lair:5   | Reached skill level 10 in Invocations
 23505 | Lair:5   | Found a runed translucent door.
 23506 | Lair:5   | Noticed an azure jelly
 23528 | Lair:5   | Found a staircase to the Slime Pits.
 23528 | Lair:5   | Noticed an azure jelly
 23994 | Lair:5   | Reached skill level 11 in Invocations
 24063 | Lair:5   | Identified the staff of Tension {Str+2 Conj}
 24068 | Lair:5   | Identified the amulet of Hibreed {rC+ Regen+ MP+9 Str+2}
 24072 | Lair:5   | Identified the +4 arbalest of Zoad {antimagic, ^Drain Int+5
                  | Dex+2}
 25539 | D:12     | Found a gate leading to a gauntlet.
 25603 | Gauntlet | Entered a Gauntlet
 25603 | Gauntlet | Found a transporter.
 25603 | Gauntlet | Found a transporter.
 25636 | Gauntlet | Found a transporter.
 25646 | Gauntlet | Found a transporter.
 25661 | Gauntlet | Found a transporter.
 25663 | Gauntlet | Found a large runed translucent door.
 25664 | Gauntlet | Found a large runed translucent door.
 25665 | Gauntlet | Found a large runed translucent door.
 25665 | Gauntlet | Found a large runed translucent door.
 25665 | Gauntlet | Found a runed translucent door.
 25665 | Gauntlet | Found a runed translucent door.
 25666 | Gauntlet | Found a large runed translucent door.
 25667 | Gauntlet | Found a large runed translucent door.
 25667 | Gauntlet | Found a large runed translucent door.
 25667 | Gauntlet | Found a large runed translucent door.
 25668 | Gauntlet | Found a large runed translucent door.
 25669 | Gauntlet | Found a large runed translucent door.
 25672 | Gauntlet | Found a large runed translucent door.
 25673 | Gauntlet | Found a large runed translucent door.
 25673 | Gauntlet | Found a large runed translucent door.
 25674 | Gauntlet | Found a runed translucent gate.
 25674 | Gauntlet | Found a runed translucent gate.
 25674 | Gauntlet | Found a runed translucent gate.
 25676 | Gauntlet | Found a transporter.
 25686 | Gauntlet | Found a large runed translucent door.
 25687 | Gauntlet | Found a large runed translucent door.
 25688 | Gauntlet | Found a large runed translucent door.
 25692 | Gauntlet | Found a transporter.
 25698 | Gauntlet | Found a transporter.
 25712 | Gauntlet | Found a transporter.
 25713 | Gauntlet | Noticed a reaper
 25730 | Gauntlet | Found a transporter.
 25734 | Gauntlet | Found a transporter.
 25770 | Gauntlet | Found a transporter.
 26236 | Gauntlet | Reached skill level 12 in Invocations
 26377 | Gauntlet | Identified the +6 bardiche of the Hero {drain, rElec
                  | Stlth+}
 26815 | D:12     | Reached skill level 1 in Maces & Flails
 26897 | D:12     | Found a staircase to the Orcish Mines.
 28930 | Orc:1    | Entered Level 1 of the Orcish Mines
 28971 | Orc:2    | Entered Level 2 of the Orcish Mines
 28971 | Orc:2    | Found a staircase to the Elven Halls.
 28971 | Orc:2    | Found Dobopnep's Assorted Antiques.
 28977 | Orc:2    | Bought a scroll labelled YCOVAA HAUC for 27 gold pieces
 28977 | Orc:2    | Acquired 962 gold pieces
 29151 | Orc:2    | Noticed Donald
 29504 | Orc:1    | Reached XP level 15. HP: 111/121 MP: 33/33
 30459 | Orc:1    | Killed Donald
 30460 | Orc:1    | Reached skill level 13 in Invocations
 30824 | Orc:2    | Reached skill level 5 in Maces & Flails
 31189 | Orc:2    | Found Naewuin's Distillery.
 31231 | Orc:2    | Identified a +5 demon whip of distortion (a +3 demon whip
                  | of venom corrupted by Lugonu)
 31231 | Orc:2    | Received a gift from Lugonu
 31254 | Orc:2    | Found Ysuej's Weapon Shoppe.
 31258 | Orc:2    | Found Soitzur's Weapon Shoppe.
 31259 | Orc:2    | Found Zeezaf's Magic Scroll Boutique.
 31269 | Orc:2    | Found Jisuen's General Store.
 31272 | Orc:2    | Bought a scroll of blinking for 105 gold pieces
 31272 | Orc:2    | Bought a scroll of enchant weapon for 105 gold pieces
 31272 | Orc:2    | Bought a scroll of enchant weapon for 105 gold pieces
 31272 | Orc:2    | Bought a scroll of butterflies for 56 gold pieces
 31277 | Orc:2    | Bought a scroll of teleportation for 39 gold pieces
 31277 | Orc:2    | Bought a scroll of enchant armour for 97 gold pieces
 31277 | Orc:2    | Bought a wand of acid (7) for 382 gold pieces
 31277 | Orc:2    | Bought a wand of iceblast (7) for 218 gold pieces
 32433 | D:13     | Found a gate to the Vaults.
 32648 | D:14     | Noticed a sphinx
 32660 | D:14     | Killed a sphinx
 32811 | D:14     | Found Tosmaixt's Armour Shop.
 32847 | D:14     | Reached skill level 14 in Invocations
 33509 | D:14     | Got the Enchiridion on Pyromancy and the Cemetery
 33772 | D:15     | Entered Level 15 of the Dungeon
 33952 | D:15     | Reached skill level 1 in Armour
 34001 | D:15     | Learned a level 5 spell: Borgnjor's Vile Clutch
 34064 | D:15     | Reached skill level 1 in Necromancy
 34099 | D:15     | Reached skill level 1 in Earth Magic
 34363 | D:15     | Found a staircase to the Depths.
 34442 | D:15     | Reached XP level 16. HP: 126/129 MP: 34/34
 35547 | Snake:1  | Entered Level 1 of the Snake Pit
 35637 | Snake:1  | Found Wegio's Antique Weapon Shoppe.
 36072 | Snake:1  | Reached skill level 5 in Necromancy
 36342 | Snake:1  | Found Nalisuq's Armour Emporium.
 36345 | Snake:1  | Found Oqehu's Armour Shop.
 36898 | Snake:1  | Found Koboafup's Antique Armour Emporium.
 36902 | Snake:1  | Found Voothroba's Book Shoppe.
 38591 | Snake:2  | Got the Incunable of the Discharge
 40094 | Snake:2  | Found an opulent altar of Gozag.
 40950 | Snake:3  | Noticed Vashnia
 41139 | Snake:3  | Found Zass's Armour Emporium.
 41144 | Snake:3  | Found Nohiudill's Armour Emporium.
 41151 | Snake:3  | Bought a +2 pair of gloves of dexterity for 258 gold pieces
 41390 | Snake:3  | Learned a level 3 spell: Stone Arrow
 41533 | Snake:3  | Reached XP level 17. HP: 124/135 MP: 9/35
 42460 | Snake:3  | Identified the serpent talisman "Zeaj" {rCorr Int+2 Slay+2}
 42460 | Snake:3  | Noticed Aizul
 42483 | Snake:3  | Banished Aizul
 42553 | Snake:3  | Reached skill level 10 in Maces & Flails
 42776 | Snake:3  | Found Uwnour's Gadget Gallery.
 42928 | Snake:3  | Got the Monograph on the Mob and the Evil Eye
 43936 | Snake:3  | Killed Vashnia
 45079 | Snake:4  | Entered Level 4 of the Snake Pit
 46812 | Snake:4  | Reached skill level 15 in Spellcasting
 47084 | Snake:4  | Acquired 249 gold pieces
 47742 | Snake:4  | Noticed a quicksilver dragon
 47859 | Snake:4  | Killed a quicksilver dragon
 48093 | Snake:4  | Got a serpentine rune of Zot
 48371 | Shoals:1 | Entered Level 1 of the Shoals
 48385 | Shoals:1 | Found Alanuofi's Magic Scroll Shop.
 48425 | Shoals:1 | Bought a scroll of teleportation for 48 gold pieces
 48425 | Shoals:1 | Bought a scroll of teleportation for 48 gold pieces
 48425 | Shoals:1 | Bought a scroll of teleportation for 48 gold pieces
 48425 | Shoals:1 | Bought a scroll of teleportation for 48 gold pieces
 48425 | Shoals:1 | Bought a scroll of teleportation for 48 gold pieces
 48425 | Shoals:1 | Bought a scroll of fog for 64 gold pieces
 48425 | Shoals:1 | Bought a scroll of acquirement for 832 gold pieces
 48425 | Shoals:1 | Acquired 653 gold pieces
 48449 | Shoals:1 | Reached XP level 18. HP: 123/144 MP: 34/37
 50270 | Shoals:2 | Found Wad Hyja's Book Boutique.
 50294 | Shoals:2 | Bought a book of Transmutation for 476 gold pieces
 50300 | Shoals:2 | Learned a level 5 spell: Irradiate
 50677 | Shoals:3 | Reached skill level 15 in Invocations
 50678 | Shoals:3 | Noticed Louise
 51386 | Shoals:3 | Reached skill level 5 in Armour
 51887 | Shoals:3 | Noticed Ilsuiw
 51910 | Shoals:3 | Killed Ilsuiw
 51971 | Shoals:3 | Banished Louise
 52718 | Shoals:4 | Entered Level 4 of the Shoals
 54295 | Shoals:4 | Reached skill level 15 in Fighting
 54560 | Shoals:4 | Learned a level 1 spell: Apportation
 54575 | Shoals:4 | Got a barnacled rune of Zot
 54927 | Vaults:1 | Entered Level 1 of the Vaults
 55259 | Vaults:1 | Reached XP level 19. HP: 155/155 MP: 33/38
 58910 | Vaults:2 | Reached skill level 16 in Invocations
 59623 | Vaults:2 | Found a staircase to the Crypt.
 60299 | Vaults:3 | Found a portal to a secret trove of treasure.
 60336 | Vaults:3 | Noticed Norris
 60410 | Vaults:3 | Noticed Mennas
 60460 | Vaults:3 | Found Siytsoug's Assorted Antiques.
 60475 | Vaults:3 | Bought a scroll of fog for 128 gold pieces
 60825 | Vaults:3 | Reached XP level 20. HP: 152/165 MP: 11/39
 61871 | Vaults:3 | Killed Norris
 62408 | Vaults:3 | Noticed Saint Roka
 62450 | Vaults:3 | Killed Saint Roka
 63328 | Vaults:4 | Found a crumbling gateway.
 63526 | Desolati | Entered the Desolation of Salt
 63752 | Desolati | Found the +3 warlock's mirror {omnireflect}
 64072 | Vaults:4 | Noticed Xtahua
 64218 | Vaults:4 | Reached skill level 1 in Shields
 64230 | Vaults:4 | Reached skill level 10 in Armour
 64230 | Vaults:4 | Reached skill level 17 in Invocations
 65224 | Vaults:4 | Found Ahi Ihun's Weapon Shoppe.
 65842 | Vaults:4 | Killed Xtahua
 66047 | Vaults:4 | Found Tuamoid's Assorted Antiques.
 66314 | Depths:1 | Entered Level 1 of the Depths
 67948 | Depths:1 | Reached XP level 21. HP: 151/174 MP: 39/40
 67956 | Depths:1 | Identified the +10 whip of Ifoiw {flame, rF+ Will+ rCorr
                  | Int+2}
 68188 | Depths:1 | Found a gateway to Hell.
 68694 | Depths:1 | Found an ornate altar of the Wu Jian Council.
 69429 | Depths:2 | Noticed a golden dragon
 69430 | Depths:2 | Noticed a golden dragon
 69700 | Depths:2 | Found a transporter.
 69701 | Depths:2 | Identified the ring "Teahoeb" {^Contam rPois rN++ Str+6}
 69741 | Depths:2 | Identified the +2 robe of the Dungeon {rC++ Regen+ Str-4
                  | Slay-4}
 69750 | Depths:2 | Found a transporter.
 70004 | Depths:2 | Reached skill level 18 in Invocations
 70184 | Depths:2 | Found Pifuas's Book Boutique.
 70457 | Depths:2 | Found a one-way gate leading to the halls of Pandemonium.
 70928 | Depths:3 | Found a one-way gate to the infinite horrors of the Abyss.
 71259 | Depths:3 | Found a runed translucent door.
 71261 | Depths:3 | Found a shimmering altar of Xom.
 71261 | Depths:3 | Noticed Ubraesch's ghost (adept TrMo)
 71441 | Depths:3 | Noticed a juggernaut
 71460 | Depths:3 | Killed a juggernaut
 71866 | Depths:3 | Noticed a golden dragon
 71873 | Depths:3 | Killed a golden dragon
 73480 | Depths:4 | Entered Level 4 of the Depths
 73848 | Depths:3 | Identified the ring "Hairghiav" {rPois rF+ rC+ rCorr}
 75368 | Depths:3 | Found Big Baal Hell's Store.
 75729 | Depths:3 | Identified the staff "Furhih" {^Fragile rC+++ rN++ Dex-2
                  | Conj}
 75732 | Depths:3 | Identified the +7 hand axe of Brawling {freeze, *Rage Dex+4
                  | Stlth+}
 76048 | Depths:3 | Found the ring of the Hare {EV+10}
 76057 | Depths:3 | Identified the +4 shortbow "Himeahot" {antimagic, *Corrode
                  | rF++}
 76057 | Depths:3 | Identified the ring "Antatt" {rElec rPois rF- rCorr Str+8}
 76382 | Depths:2 | Bought a book of Unlife for 648 gold pieces
 76389 | Depths:2 | Learned a level 6 spell: Death Channel
 76604 | Depths:4 | Reached XP level 22. HP: 135/185 MP: 42/43
 77065 | Depths:4 | Found a one-way gateway to a ziggurat.
 77313 | Depths:4 | Found a gate to the Realm of Zot.
 77313 | Depths:4 | Noticed a golden dragon
 77346 | Depths:4 | Reached skill level 5 in Earth Magic
 77355 | Depths:4 | Banished a golden dragon
 77356 | Depths:4 | Reached skill level 10 in Necromancy
 77967 | Depths:4 | Reached skill level 5 in Hexes
 78411 | Elf:1    | Entered Level 1 of the Elven Halls
 78579 | Elf:1    | Paralysed by an air elemental for 1 turns
 78607 | Elf:1    | Paralysed by an air elemental for 1 turns
 78612 | Elf:1    | Paralysed by an air elemental for 1 turns
 78614 | Elf:1    | Paralysed by an air elemental for 1 turns
 78619 | Elf:1    | Paralysed by an air elemental for 1 turns
 78625 | Orc:2    | Paralysed by an air elemental for 1 turns
 80319 | Elf:2    | Found a runed translucent gate.
 80320 | Elf:2    | Found a runed translucent gate.
 80320 | Elf:2    | Found a runed translucent gate.
 80457 | Elf:3    | Entered Level 3 of the Elven Halls
 80457 | Elf:3    | Noticed Roxanne
 80457 | Elf:3    | Identified the dragon-blood talisman of Qaomn {Str-5 Int+6
                  | Dex+4}
 80457 | Elf:3    | Noticed Bai Suzhen
 80978 | Elf:3    | Killed Roxanne
 81162 | Elf:3    | Found Jeodu's Book Shoppe.
 81162 | Elf:3    | Found Guutrask's Book Shoppe.
 81163 | Elf:3    | Found Ykoicwum's Jewellery Shop.
 81549 | Elf:3    | Learned a level 4 spell: Passage of Golubria
 82518 | Elf:3    | Acquired the +2 shield of Resistance {rF++ rC++ Will++}
 82518 | Elf:3    | Found the +2 shield of Resistance {rF++ rC++ Will++}
 82573 | Elf:3    | Identified the +1 chain mail of Optimism {rPois rC- Str+2}
 82585 | Elf:3    | Reached skill level 19 in Invocations
 82615 | Elf:3    | Identified the +7 morningstar of the Evil Eye {freeze,
                  | Dex+3}
 82975 | Elf:3    | Identified the staff of Bodily Harmony {rPois Will+ Dex+2
                  | Conj Alchemy}
 83035 | Elf:3    | Identified the staff of the Battered Coins {*Slow rF+ Str+8
                  | Fire}
 83174 | Elf:3    | Paralysed by an air elemental for 1 turns
 83382 | Elf:2    | Found an ancient bone altar of Kikubaaqudgha.
 84064 | Depths:3 | Voluntarily entered the Abyss.
 84239 | Abyss:3  | Killed Aizul
 84271 | Abyss:3  | Paralysed by accursed screaming for 2 turns
 84274 | Depths:3 | Escaped the Abyss
 84734 | Vaults:5 | Entered Level 5 of the Vaults
 84735 | Vaults:5 | Corrupted Vaults:5
 84750 | Vaults:4 | HP: 6/187 [phantasmal warrior (20)]
 84753 | Vaults:4 | Reached XP level 23. HP: 9/194 MP: 36/45
 85446 | Vaults:5 | Noticed a dread lich
 85518 | Vaults:4 | Killed a dread lich
 85585 | Vaults:4 | HP: 6/194 [storm dragon (5)]
 86753 | Vaults:5 | Found Mirph's Book Shop.
 87026 | Vaults:5 | Noticed an ancient lich
 87043 | Vaults:5 | Killed an ancient lich
 87274 | Vaults:5 | Identified the +12 falchion of Xom's Brutal Revenge {holy,
                  | rF++ rC- Str+4}
 87412 | Vaults:5 | Identified the ring "Quruyts" {rF+ rC+ Slay+3}
 87523 | Vaults:5 | Identified the +8 rapier "Jellybane" {freeze, rN+ Dex+3}
 87580 | Vaults:5 | Identified the +2 robe "Maiggur" {rF+ Int+7}
 88628 | Vaults:5 | Reached skill level 5 in Dodging
 88715 | Vaults:5 | Identified the +6 chain mail of Eternal Night {rC+}
 88726 | Vaults:5 | Found Gypad's Antique Armour Shoppe.
 88729 | Vaults:5 | Found Baps's Distillery.
 88916 | Vaults:5 | Identified the +10 plate armour "Yclumukk" {rF+ Will++ MP+9
                  | Int-3}
 89072 | Vaults:5 | Got a silver rune of Zot
 89380 | Crypt:1  | Entered Level 1 of the Crypt
 91058 | Crypt:2  | Reached XP level 24. HP: 203/203 MP: 46/46
 91967 | Crypt:2  | Reached skill level 5 in Translocations
 92211 | Crypt:1  | Reached skill level 20 in Invocations
 92629 | Crypt:3  | Entered Level 3 of the Crypt
 93279 | Crypt:3  | Noticed a royal mummy
 93279 | Crypt:3  | Noticed a royal mummy
 93279 | Crypt:3  | Noticed a royal mummy
 93292 | Crypt:3  | Noticed Khufu
 93604 | Zot:1    | Entered Level 1 of the Realm of Zot
 94814 | Zot:1    | Noticed an orb of fire
 94858 | Zot:1    | Killed an orb of fire
 94976 | Zot:1    | Noticed an orb of fire
 94994 | Zot:1    | Killed an orb of fire
 96900 | Zot:2    | You fall into a shaft and drop 2 floors!
 97667 | Zot:2    | Reached skill level 15 in Alchemy
 97675 | Zot:3    | Noticed an orb of fire
 97689 | Zot:3    | HP: 4/203 [orb of fire/bolt of fire (18)]
 97689 | Zot:3    | Demolished by a quicksilver dragon

Illustrated notes

Levels and vault maps discovered:
D:1:      hellmonk_arrival_library, layout_loops_ring, solitary_fountain,
          minmay_surrounded
D:2:      layout_loops_ring, shapermc_ecumenical_altar_mp_ritualfount,
          grunt_decor_fettered, uniq_sigmund
D:3:      layout_basic, lemuel_doored_altar, mainiacjoe_overflow_24_doors,
          guppyfry_early_orc_mine, uniq_robin
D:4:      layout_basic, minmay_temple_entry_fiery, serial_shops, shop
D:5:      layout_rooms, nicolae_hepliaklqana_hippocampus, uniq_blork_the_orc
D:6:      layout_loops_ring, good_gods_temple_1, nicolae_vehumet_radiance,
          lemuel_tele_altar, portal_sewer_entry_d, grunt_ministairs_11,
          uniq_grinder
D:7:      layout_gridville, yredelemnul_altar_generic, kiku_gazebo_garden_becter
D:8:      layout_rooms, dancing_weapons_uskayaw, led_xom_imps, uniq_maurice
D:9:      layout_gridville, mainiacjoe_overflow_brackets,
          nicolae_transporter_circle
D:10:     minmay_firetagon, layout_loops_ring, nicolae_qazlal_eye_of_the_storm,
          lair_entry_dummy, minmay_crystal_room
D:11:     layout_layer_cave
D:12:     layout_basic, hiddenorc2_lemuel, gauntlet_entry_generic
D:13:     layout_rooms, skrybe_vaults_entry_preservation,
          corexii_hall_statues_deadend
D:14:     layout_roguey, serial_shops, nicolae_shop_real_fake_doors,
          minmay_diamond_spiral
D:15:     hangedman_depths_entry_try_elsewhere_first, layout_loops_ring,
          grunt_decor_one_mirror
Temple:   corrupted_temple
Lair:1:   gammafunk_indiana_jones, layout_loops_ring, wad_woods_road_02,
          minmay_stone_trees_small, lemuel_fruit_fields
Lair:2:   layout_regular_city, minmay_shoals_entry_lonely_mermaid,
          minmay_snake_entry_guardpost_small, basic_altar, grunt_megastairs_4
Lair:3:   layout_cave_pods, uniq_fannar, uniq_amaemon
Lair:4:   minmay_lair_oklob_chamber, layout_regular_city,
          minmay_shattered_shrine
Lair:5:   gammafunk_lair_ancient_temple, layout_cave_pods, slime_entry_2,
          minivault_23, st_stairs_6, lemuel_fruit_tree
Shoals:1: layout_shoals, serial_shops, nicolae_square_shop
Shoals:2: layout_shoals, serial_shops, shop
Shoals:3: layout_shoals, uniq_ilsuiw, uniq_louise
Shoals:4: shoals_end_grunt_garden, layout_shoals
Snake:1:  layout_layer_cave, serial_shops, shop, nicolae_shop_gibbet_a_chance,
          shop, minmay_shoptagon, serial_bayou_shore_a
Snake:2:  layout_onion, basic_altar, serial_library_regret_index_double_sided,
          nicolae_snake_yet_another_twisty_hallway
Snake:3:  nicolae_aizul_guard, layout_chambers,
          serial_library_hellmonk_recessed_alcove, nicolae_shop_gadgets,
          minmay_shop_star, uniq_vashnia
Snake:4:  hellmonk_snake_rune_quicksilver_temple, layout_misc_corridors,
          grunt_ministairs_3, nicolae_twisty_statue_hallways
Orc:1:    layout_diamond_mine
Orc:2:    st_orc_open, layout_caves, serial_shops, shop, shop, uniq_donald
Elf:1:    nicolae_elf_arrival_aired_out, layout_loops_cross,
          hangedman_corner_corridor, feat_on_display
Elf:2:    nicolae_elf_blades_crystal_corner, layout_gridlike,
          lemuel_upstairs_altar
Elf:3:    minmay_elf_hall_circle, layout_geoelf_castle,
          serial_library_regret_index_branch_corner,
          nicolae_elf_big_sculpture_1, minmay_shop_grove, uniq_roxanne,
          uniq_bai_suzhen
Vaults:1: st_check, hangedman_vaults_variations, hangedman_vaults_trim,
          hangedman_vaults_cutoff, hangedman_vaults_capsules,
          layout_vaults_omnigrid
Vaults:2: nicolae_vaults_display_case, nicolae_vaults_network_star,
          grunt_vaults_bifocal, v_misc_4, nicolae_vaults_prndl,
          nicolae_vaults_stairing_the_circle, minmay_crypt_entry_simple_corners,
          nicolae_vaults_tangram_2, nicolae_vaults_tetromino_T_1,
          nicolae_vaults_little_squares_2, layout_vaults_omnicross
Vaults:3: nicolae_vaults_tetromino_T_2, vaults_dpeg_doors,
          nicolae_vaults_double_plus_2, nicolae_vaults_shrinking_rooms_2,
          nicolae_vaults_border_crossing, vaults_mumra_hexcomb,
          nicolae_vaults_security_offices_4, vaults_mumra_hex,
          nicolae_vaults_mini_display_case, nicolae_vaults_frosty_reception,
          layout_vaults_chaotic_city, enter_trove_3, serial_shops, shop,
          uniq_saint_roka, uniq_norris, uniq_mennas
Vaults:4: portal_desolation_entry_holy_temple, nicolae_vaults_shock_wave,
          hangedman_vaults_corner_blocks, nicolae_vaults_sightless_eye,
          nicolae_vaults_house_2, v_misc_4, v_misc_31,
          nicolae_vaults_three_branches, grunt_vaults_focal,
          nicolae_vaults_rhombus_6, layout_vaults_ring, serial_shops, shop,
          nicolae_shop_tiny_glass, uniq_xtahua
Vaults:5: serial_shops
Crypt:1:  layout_regular_city, st_stairs_3, grunt_ministairs_6
Crypt:2:  layout_misc_corridors, roderic_lattice_octagonal_star,
          grunt_megastairs_5
Crypt:3:  lightli_unholy_cathedral, layout_chaotic_city,
          tomb_entry_pyramid_bobbens, uniq_khufu
Depths:1: layout_cave_pools, hangedman_decor_growths, grunt_hell_entry_dis_mu,
          nzn_wu_jian_council_hall
Depths:2: gammafunk_sealed_arena, layout_gridlike, kennysheep_decorative_pillar,
          rand_demon_pan_entry_4, pf_dread_powers_of_hell, serial_shops,
          nicolae_take_the_stairs, infiniplex_staircase_pillars_3a
Depths:3: kennysheep_large_vault, layout_gridlike, abyss_entry_glasseish,
          ebering_ghost_xom, nicolae_hell_entry_big_baal_hell, firewood_loft
Depths:4: grunt_zot_entry_bicorn, layout_long_grid, enter_ziggurat_a,
          kennysheep_pointless_box, hell_entry, infiniplex_staircase_pool_lava,
          uniq_parghit
Zot:1:    layout_concentric_octagons, bh_zot_levy_curve, grunt_ministairs_11,
          hangedman_elemental_corridor
Zot:2:    layout_gridville, uniq_vv
Zot:3:    layout_cathedral_of_symmetry, regret_index_zotdec_split_disrupt,
          grunt_megastairs_3
Zot:4:    layout_twisted_circle, gammafunk_ghost_tricky_traps,
          regret_index_zot_stipple_split, st_stairs_4, skrybe_zot_glass_3

Skill      XL: |  1  2  3  4  5  6  7  8  9 10 11 12 13 14 15 16 17 18 19 20 21 22 23 24 |
---------------+-------------------------------------------------------------------------+-----
Spellcasting   | 3 4 5 6 9 10 11 13 14 15 17 18 19 | 19.7
Alchemy        | 3 4 5 6 8 9 10 11 12 13 14 15 | 15.0
Conjurations   | 2 3 5 |  5.4
Air Magic      | 2 |  2.0
Fire Magic     | 1 2 |  2.0
Fighting       | 5 9 10 11 12 13 15 16 17 18 19 | 19.9
Translocations | 2 4 7 |  7.0
Hexes          | 3 4 5 |  5.0
Invocations    | 8 12 14 15 16 17 18 19 20 | 20.7
Maces & Flails | 3 6 8 12 | 12.0
Armour         | 1 3 6 8 10 | 10.0
Necromancy     | 2 9 13 | 13.0
Earth Magic    | 2 4 6 |  6.0
Shields        | 4 |  4.0
Dodging        | 2 5 8 |  8.5
Stealth        | |  1.5

Action                     |  1- 3 |  4- 6 |  7- 9 | 10-12 | 13-15 | 16-18 | 19-21 | 22-24 || total
---------------------------+-------+-------+-------+-------+-------+-------+-------+-------++-------
  Melee: Short sword       |    54 |   147 |    31 |       |       |       |       |       ||   232
         Halberd           |       |       |   186 |    56 |       |       |       |       ||   242
         Punch             |       |       |     1 |     3 |    10 |    13 |    18 |       ||    45
         Demon whip        |       |       |       |   120 |   491 |   854 |  1320 |  1765 ||  4550
   Cast: Sting             |    46 |    66 |    50 |     2 |       |    10 |       |       ||   174
         Mephitic Cloud    |       |     5 |     6 |    28 |    46 |     8 |    77 |     8 ||   178
         Olgreb's Toxic Ra |       |       |    38 |   118 |   214 |   193 |   197 |    66 ||   826
         Sticky Flame      |       |       |       |    43 |   146 |   114 |    46 |    52 ||   401
         Fulminant Prism   |       |       |       |     8 |    47 |       |       |       ||    55
         Jinxbite          |       |       |       |    18 |    35 |       |     1 |       ||    54
         Yara's Violent Un |       |       |       |       |     6 |    47 |    42 |    49 ||   144
         Iskenderun's Myst |       |       |       |       |     1 |       |       |       ||     1
         Borgnjor's Vile C |       |       |       |       |       |   249 |   155 |   132 ||   536
         Stone Arrow       |       |       |       |       |       |    84 |    59 |     8 ||   151
         Irradiate         |       |       |       |       |       |    17 |   120 |   145 ||   282
         Apportation       |       |       |       |       |       |       |       |     1 ||     1
         Death Channel     |       |       |       |       |       |       |       |     2 ||     2
         Mercury Vapours   |       |       |       |       |       |       |       |     1 ||     1
 Invoke: Banish            |       |       |       |       |    12 |       |       |    16 ||    28
         Brand Weapon With |       |       |       |       |     1 |       |       |       ||     1
         Depart the Abyss  |       |       |       |       |       |       |       |     1 ||     1
         Corrupt           |       |       |       |       |       |       |       |     1 ||     1
  Evoke: Wand              |       |       |       |    12 |    20 |     6 |     5 |     4 ||    47
         Condenser vane    |       |       |       |       |     1 |       |       |       ||     1
    Use: Scroll            |       |    10 |     4 |     6 |    24 |     9 |    16 |    18 ||    87
   Stab: Sleeping          |     2 |     1 |       |       |       |     1 |     3 |       ||     7
         Confused          |       |     1 |     2 |     4 |     5 |     3 |    41 |     3 ||    59
         Distracted        |       |       |       |       |     1 |       |     1 |     1 ||     3
 Armour: Robe              |    27 |    78 |    49 |       |       |       |       |       ||   154
         Leather armour    |       |       |   152 |   216 |   352 |       |       |       ||   720
         Acid dragon scale |       |       |       |       |   331 |  1390 |  1106 |       ||  2827
         Fire dragon scale |       |       |       |       |       |       |    87 |  1356 ||  1443
  Dodge: Dodged            |    36 |    81 |   157 |   113 |   354 |   663 |   469 |   945 ||  2818
  Block: Other             |       |     4 |    65 |    45 |    62 |       |       |       ||   176
         Reflection        |       |       |     2 |     1 |       |       |    24 |    82 ||   109
         Buckler           |       |       |       |       |       |       |   240 |   610 ||   850
